 Dungeon Crawl Stone Soup version 0.16-a0-3939-g9a3e665 (webtiles) character file.

58 PolkaDot the Caller (level 3, -5/27 HPs)
             Began as a Vampire Summoner on Feb 6, 2015.
             Killed by divine providence
             ... invoked by an orc priest
              (11 damage)
             ... on level 3 of the Dungeon.
             The game lasted 00:06:05 (1898 turns).

PolkaDot the Caller (Vampire Summoner)              Turns: 1898, Time: 00:06:05

Health: -5/27      AC:  2    Str:  5    XL:     3   Next: 76%
Magic:  1/6        EV: 12    Int: 18    God:
Gold:   45         SH:  0    Dex: 14    Spells: 3 memorised, 0 levels left

rFire  . . .     SeeInvis +     n - +1 dagger (venom)
rCold  . . .     Clarity  .     a - +0 robe
rNeg   . . .     SustAb   .     (no shield)
rPois  .         Gourm    .     (no helmet)
rElec  .         Spirit   .     (no cloak)
rCorr  .         Warding  .     (no gloves)
rMut   .         Stasis   .     (no boots)
MR     .....                    (no amulet)
Stlth  +++.......               (no ring)
                                (no ring)

@: regenerating very quickly, not resistant to hostile enchantments, fairly
stealthy
A: bottle blood, fangs 3, see invisible, weak 1, unbreathing
a: no special abilities


You were on level 3 of the Dungeon.
You were almost alive.

You visited 1 branch of the dungeon, and saw 3 of its levels.

You collected 45 gold pieces.

Inventory:

Hand weapons
 n - a +1 dagger of venom (weapon)
Armour
 a - a +0 robe (worn)
Jewellery
 h - an uncursed amulet of regeneration {unknown}
Scrolls
 c - 5 scrolls of identify {unknown}
 d - a scroll of enchant weapon {unknown}
 f - a scroll of enchant armour {unknown}
 i - 4 scrolls of teleportation {unknown}
 j - a scroll of magic mapping {unknown}
 l - 2 scrolls of random uselessness {unknown}
 m - a scroll of remove curse {unknown}
Potions
 g - a potion of restore abilities {unknown}
 k - 4 potions of blood {@*1}
Books
 b - a book of Callings

   Spells                             Type                      Level
   a - Summon Small Mammal            Summoning                    1
   b - Call Imp                       Summoning                    2
   c - Call Canine Familiar           Summoning                    3
   d - Summon Guardian Golem          Hexes/Summoning              4
   e - Summon Lightning Spire         Summoning/Air                4
   f - Summon Ice Beast               Ice/Summoning                4


   Skills:
 * Level 2.1 Fighting
 - Level 2.1 Dodging
 + Level 4.2 Stealth
 - Level 2.0 Spellcasting
 + Level 4.3 Summonings


You couldn't memorise any spells.
You knew the following spells:

 Your Spells              Type           Power        Failure   Level  Hunger
d - Call Canine Familiar  Summ           ###.....     12%         3    ###....
s - Call Imp              Summ           ###.....     6%          2    ###....
z - Summon Small Mammal   Summ           ###.         3%          1    #......


Dungeon Overview and Level Annotations

Branches:
Dungeon (3/15)

Altars:
Kikubaaqudgha
Qazlal
Ru


Innate Abilities, Weirdness & Mutations

Your natural rate of healing is extremely fast.
You can bottle blood from corpses.
You have razor-sharp teeth.
You have supernaturally acute eyesight.
You can survive without breathing.
You are weak. (Str -2)


Message History

Casting: Call Canine Familiar
Confirm with . or Enter, or press ? or * to list all spells.
A beastly little devil appears in a puff of flame.
* * * LOW MAGIC WARNING * * *
The orc priest calls down the wrath of Beogh upon you.
Pain shoots through your body!
* * * LOW HITPOINT WARNING * * *
An orc comes into view. It is wielding a club.
The orc priest hits you with a whip.
* * * LOW HITPOINT WARNING * * *
Your hound misses the orc priest.
Drink which item? (? for menu, Esc to quit)
It was a potion of mutation.
You feel extremely strange.
You feel weaker.
There is a nasty taste in your mouth for a moment.
You feel an ache in your throat.
Your hound misses the orc priest.
The orc priest invokes the aid of Beogh against you.
Something smites you!
You die...

#.##.# §§§§§8§§§
#.##.#§§§§§###§§§
###.##.##§§§§#_#§§§§
#####....#..#
§§§#.#§§§§#
o...o......#.##
§§#.#§§§#
#....##..## §#.#§§#
##...###.5####.##
#.#.####.h.#...#
#.o....@o#.....#
#.......############
########


You could see an orc priest, an orc, a friendly hound and a friendly crimson
imp.

Vanquished Creatures
  An ooze (D:2)
  An orc (D:3)
  A giant cockroach (D:1)
  5 hobgoblins
  2 jackals (D:2)
  2 ball pythons
  5 bats
  3 giant newts
  8 goblins
  2 kobolds
  8 rats
38 creatures vanquished.

Vanquished Creatures (collateral kills)
  An adder (D:2)
  A worm (D:2)
  A giant gecko (D:1)
  A goblin (D:1)
  2 hobgoblins (D:1)
  A kobold (D:1)
  A rat (D:2)
8 creatures vanquished.

Vanquished Creatures (others)
  A bat (D:1)
  A rat (D:1)
2 creatures vanquished.

Grand Total: 48 creatures vanquished

Notes
Turn   | Place    | Note
--------------------------------------------------------------
     0 | D:1      | PolkaDot, the Vampire Summoner, began the quest for the Orb.
     0 | D:1      | Reached XP level 1. HP: 13/13 MP: 3/3
   418 | D:1      | Reached XP level 2. HP: 4/20 MP: 0/4
   521 | D:1      | Learned a level 2 spell: Call Imp
   591 | D:1      | Reached skill level 1 in Fighting
  1095 | D:2      | Reached XP level 3. HP: 19/27 MP: 0/6
  1106 | D:2      | Learned a level 3 spell: Call Canine Familiar
  1585 | D:2      | Found a sacrificial altar of Ru.
  1701 | D:3      | Found an ancient bone altar of Kikubaaqudgha.
  1866 | D:3      | Found a stormy altar of Qazlal.
  1898 | D:3      | Gained mutation: You are weak. (Str -2) [potion of mutation]
  1898 | D:3      | Gained mutation: You can spit poison. [potion of mutation]
  1898 | D:3      | Lost mutation: You can spit poison. [potion of mutation]
  1898 | D:3      | Killed from afar by an orc priest

Action                   || total
-------------------------++-------
Melee: Unarmed           ||    28
       Short sword       ||    90
       Dagger            ||    13
 Cast: Summon Small Mamm ||    17
       Call Imp          ||     3
       Call Canine Famil ||     1
  Use: Potion            ||     8
 Stab: Sleeping          ||     7
       Distracted        ||     1
  Eat: Corpse            ||    10
